cohdb
Replays
Latest Replays
All Replays
Popular Replays
Top Player Replays
Match Explorer
How It Works
Community
CoH3 Stats
Reddit
Sign in to upload your games and track your stats! →
Sign in with Steam
Match 42337003
Unlisted
Match 42337003
Overview
Messages
Build Orders
End
Construct Barracks
Selects Heavy Weapons
Riflemen Squad
M1 Mortar Team
Riflemen Squad
Riflemen Squad
Grenade Package
Infantry Support Center
Construct Weapon Support Center
Selects M2HB .50cal Heavy Machine Gun
M1919 Machine Gun Team
Construct Medical Station
M3 Armored Personnel Carrier
Selects Assault Carriers
Demolitions Package
M1918 Browning Automatic Rifles
Selects Halftrack Strongpoints
Riflemen Squad
Construct Tank Depot
Engineer Squad
M18 Hellcat Tank Destroyer
M18 Hellcat Tank Destroyer
Riflemen Squad
Selects Rapid Reposition
Selects Black Dragon Artillery Barrage
M1919 Machine Gun Team
Riflemen Squad
M18 Hellcat Tank Destroyer
Engineer Squad
Black Dragon Artillery Barrage
SirFecker
AfroNinja
Il_nabbo
IPaDDi ツ
Kylen
runningDuck
0
0
Comments
sign in to comment!
No comments posted yet!